 Dungeon Crawl Stone Soup version 0.29.1-1-gd02db6906a (webtiles) character file.

Game seed: 2045035043758943491

543 Aibolit the Trooper (level 7, -2/61 HPs)
             Began as a Hill Orc Fighter on Oct 8, 2022.
             Was an Initiate of Okawaru.
             Killed from afar by an air elemental (11 damage)
             ... with a stunning burst
             ... created by the adversity of Qazlal
             ... while paralysed by an air elemental
             ... on level 4 of the Dungeon.
             The game lasted 00:05:29 (4311 turns).

Aibolit the Trooper (Hill Orc Fighter)              Turns: 4311, Time: 00:05:29

Health: -2/61      AC:  7    Str: 21    XL:     7   Next: 27%
Magic:  7/7        EV:  2    Int: 14    God:    Okawaru [......]
Gold:   192        SH:  0    Dex: 10    Spells: 6/6 levels left

rFire   . . .      SeeInvis .   n - +6 mace "Pootewn" {vorpal, rPois rN++}
rCold   . . .      Faith    .   c - +0 buckler
rNeg    + + +      Spirit   .   b - +0 scale mail
rPois   ∞          Reflect  .   (no helmet)
rElec   x          Harm     .   (no cloak)
rCorr   .          Rampage  .   (no gloves)
Will    .....                   (no boots)
Stlth   ..........              (no amulet)
HPRegen 0.20/turn               o - +6 ring of intelligence
MPRegen 0.10/turn               (no ring)

@: paralysed, petrified
A: [electricity vulnerability]
a: Renounce Religion


You were on level 4 of the Dungeon.
You worshipped Okawaru.
Okawaru was noncommittal.
You visited 1 branch of the dungeon, and saw 4 of its levels.

You collected 192 gold pieces.

Inventory:

Hand Weapons
 a - a +0 war axe
 n - the +6 mace "Pootewn" (weapon) {vorpal, rPois rN++}
   (You found it on level 4 of the Dungeon)

   It inflicts extra damage upon your enemies.
   rPois:     It protects you from poison.
   rN:        It greatly protects you from negative energy.
Armour
 b - a +0 scale mail (worn)
 c - a +0 buckler (worn)
Jewellery
 l - a ring of fire
 o - a +6 ring of intelligence (left hand)
 v - an amulet of reflection
Wands
 t - a wand of acid (9)
Scrolls
 e - a scroll of magic mapping {unknown}
 j - 9 scrolls of identify {unknown}
 m - a scroll of enchant armour {unknown}
 p - 3 scrolls of enchant weapon {unknown}
 s - a scroll of blinking {unknown}
 u - 2 scrolls of teleportation {unknown}
 y - a scroll of noise {unknown}
 z - a scroll of poison {unknown}
 A - a scroll of summoning {unknown}
Potions
 f - a potion of degeneration {unknown}
 g - a potion of haste {unknown}
 h - 2 potions of flight {unknown}
 i - 2 potions of attraction {unknown}
 k - 3 potions of heal wounds {unknown}
 q - a potion of lignification {unknown}
 r - 2 potions of curing {unknown}
 w - a potion of magic {unknown}


   Skills:
 + Level 5.5 Fighting
 - Level 4.3(5.1) Axes
 * Level 3.4(4.2) Polearms
 + Level 5.0 Armour
 + Level 5.0 Shields


You had 6 spell levels left.
You didn't know any spells.
Your spell library contained the following spells:

 Spells                   Type           Power      Damage    Failure   Level
 Sting                    Tmut/Pois      0%         1d3       67%         1
 Poisonous Vapours        Pois/Air       0%         N/A       82%         2
 Static Discharge         Conj/Air       0%         3-3/arc   82%         2
 Dispel Undead            Necr           0%         3d6       100%        4
 Olgreb's Toxic Radiance  Pois           0%         N/A       100%        4
 Sticky Flame             Conj/Fire      0%         2d3       100%        4
 Dispersal                Tloc           0%         N/A       100%        6
 Disjunction              Tloc           0%         N/A       100%        8


Dungeon Overview and Level Annotations

Branches:
Dungeon (4/15)
 Temple: D:4-7

Altars:
Okawaru
Qazlal
Sif Muna


Innate Abilities, Weirdness & Mutations

[You are vulnerable to electric shocks.]


Message History

You thump the quokka!
You kill the quokka!
Okawaru accepts your kill.
Found a hand axe.
You see here a quokka corpse.
You start resting.
You feel a little less mighty now.
You start resting.
Qazlal causes a mighty clap of thunder!
You feel vulnerable to electricity.
Qazlal strips away your elemental protection.
You hear an angry growl.
You start resting.
HP restored.
You start waiting.
Qazlal incites the elements against you!
A basilisk and an air elemental come into view.
You barely miss the air elemental. The air elemental barely misses you.
The air elemental hits you! The basilisk gazes at you.
You are slowing down.
You block the air elemental's attack.
You miss the air elemental. The air elemental hits you. x2
You block the air elemental's attack.
The air elemental hits you but does no damage.
The air elemental fires a burst of electricity at you.
The stunning burst hits you!!
You suddenly lose the ability to move!
You can move again.
You have turned to stone.
The air elemental hits you! The air elemental hits you.
The basilisk gazes at you.
The air elemental fires a burst of electricity at you.
The stunning burst hits you!
You suddenly lose the ability to move!
* * * LOW HITPOINT WARNING * * *
The air elemental hits you but does no damage.
The basilisk bites you!
* * * LOW HITPOINT WARNING * * *
The air elemental fires a burst of electricity at you.
The stunning burst hits you!!
You die...

#.......#########
####.......# #
#......###.# #
#.########.# #
##.#........# #
#.....####### #
#............ #
#)..E.#### #
#÷).@.# # #..l..#
# #...### # #...#
# #.... # #.....
# #.....) #
#....... ###....


You could see a basilisk and an air elemental.

Vanquished Creatures
  Menkaure (D:4)
  Duvessa (D:4)
  Pargi (D:3)
  Dowan (D:4)
  Natasha (twice) (D:3)
  4 gnolls (D:4)
  3 adders
  A worm (D:2)
  3 dart slugs
  2 orcs (D:3)
  4 ball pythons
  7 endoplasms
  2 giant cockroaches (D:2)
  4 goblins
  4 hobgoblins
  6 jackals
  6 quokkas
  6 bats
  A frilled lizard (D:2)
  2 kobolds
  2 rats
63 creatures vanquished.

Vanquished Creatures (others)
  2 plants (D:2)
2 creatures vanquished.

Grand Total: 65 creatures vanquished

Notes
Turn   | Place    | Note
-------+----------+-------------------------------------------
     0 | D:1      | Aibolit the Hill Orc Fighter began the quest for the Orb.
     0 | D:1      | Reached XP level 1. HP: 19/19 MP: 1/1
   279 | D:1      | Reached XP level 2. HP: 27/27 MP: 2/2
   287 | D:1      | Found a faded altar of an unknown god.
   332 | D:1      | Prayed at the altar of an unknown god.
   332 | D:1      | Became a worshipper of Qazlal Stormbringer
   332 | D:1      | Reached * piety under Qazlal
  1066 | D:2      | Reached XP level 3. HP: 31/33 MP: 3/3
  1450 | D:2      | You fall into a shaft and drop 2 floors!
  1453 | D:4      | Identified the +6 mace "Pootewn" {vorpal, rPois rN++}
  1457 | D:4      | Noticed Menkaure
  1463 | D:4      | Killed Menkaure
  1464 | D:4      | Reached XP level 4. HP: 24/41 MP: 4/4
  1464 | D:4      | Reached XP level 5. HP: 28/47 MP: 5/5
  1992 | D:3      | Noticed Pargi
  1999 | D:3      | Killed Pargi
  2000 | D:3      | Reached skill level 5 in Fighting
  2000 | D:3      | Reached skill level 1 in Polearms
  2000 | D:3      | Reached XP level 6. HP: 34/56 MP: 6/6
  2369 | D:2      | Reached ** piety under Qazlal
  2521 | D:3      | Noticed Natasha
  2527 | D:3      | Killed Natasha
  2568 | D:3      | Found a shimmering blue altar of Sif Muna.
  2569 | D:3      | Found an iron altar of Okawaru.
  2632 | D:3      | Noticed Natasha
  2636 | D:3      | Killed Natasha
  2851 | D:3      | Fell from the grace of Qazlal
  2851 | D:3      | Became a worshipper of Warmaster Okawaru
  4030 | D:4      | Noticed Duvessa
  4031 | D:4      | Noticed Dowan
  4040 | D:4      | Killed Duvessa
  4041 | D:4      | Reached skill level 5 in Armour
  4041 | D:4      | Reached skill level 5 in Shields
  4041 | D:4      | Reached XP level 7. HP: 22/61 MP: 7/7
  4044 | D:4      | Killed Dowan
  4307 | D:4      | Noticed a basilisk
  4307 | D:4      | Noticed an air elemental
  4309 | D:4      | Paralysed by an air elemental for 1 turns
  4311 | D:4      | Paralysed by an air elemental for 1 turns
  4311 | D:4      | Killed from afar by an air elemental

Illustrated notes

Levels and vault maps discovered:
D:1:      amcnicky_arrival_wind_blow, layout_basic,
          ebering_ecumenical_altar_mist
D:2:      layout_basic, hex_medium, serial_bayou_ford_a,
          minmay_misc_feat_enclosed, st_stairs_1
D:3:      layout_rooms, mainiacjoe_overflow_divided_tiny, uniq_pargi,
          uniq_natasha
D:4:      layout_basic, serial_shops, nicolae_inconvenience_store, uniq_duvessa,
          uniq_menkaure

Skill      XL: |  1  2  3  4  5  6 |
---------------+-------------------+-----
Axes           | 3 4 |  4.3
Fighting       | 4 5 |  5.5
Armour         | 4 5 |  5.0
Shields        | 4 5 |  5.0
Polearms       | 1 3 |  3.4

Action                   |  1- 3 |  4- 6 |  7- 9 || total
-------------------------+-------+-------+-------++-------
Melee: War axe           |    85 |    28 |       ||   113
       Mace              |       |    73 |     6 ||    79
       Unarmed           |       |     9 |       ||     9
Evoke: Wand              |       |       |     1 ||     1
  Use: Potion            |       |     1 |       ||     1
Armor: Scale mail        |    37 |    53 |     3 ||    93
Dodge: Dodged            |    41 |    59 |     8 ||   108
Block: Buckler           |    25 |    37 |     3 ||    65
